Map: Newkirk Precinct TE (Void)

Players

Musumeci - Winner!

  • Race: Zerg Zerg
  • League: Diamond
  • Spawn Location: 7:00

Ehomer

  • Race: Zerg Zerg
  • League: Diamond
  • Spawn Location: 5:00

VOD

Have the link to the VOD?

Description

Time

  • Played on: March 15, 2017, 12:47 p.m.
  • Length: 6:57
Show
View Real Time Build Order
Export as new Build Order

Musumeci Zerg - Winner!

Build Orders: Pool First, Zergling Baneling 

Get SALT Encoding   

  12  0:01  Drone  
  13  0:08  Drone  
  14  0:17  Overlord  
  14  0:25  Extractor  
  14  0:26  Drone  
  15  0:37  Drone x2  
  15  0:41  Extractor  
  16  0:49  Spawning Pool  
  15  0:53  Drone  
  16  0:58  Drone  
  17  1:23  Hatchery  
  16  1:38  Drone  
  17  1:42  Drone x2  
  19  1:49  Queen  
  21  1:57  Zergling x2  
  22  2:08  Overlord  
  22  2:13  Metabolic Boost  
  22  2:26  Zergling x4  
  22  2:29  Queen  
  26  2:38  Zergling x2  
  26  2:39  Baneling Nest, Zergling x2  
  27  2:50  Zergling x4  
  29  3:13  Zergling x2  
  29  3:14  Zergling x10  
  35  3:25  Zergling x2  
  36  3:28  Overlord  
  36  3:39  Overlord  
  36  3:51  Baneling x7  
  36  4:00  Zergling x2  
  36  4:01  Zergling x12  
  38  4:15  Baneling  
  35  4:19  Zergling x2  
  35  4:20  Zergling x8  
  35  4:33  Zergling x4  
  35  4:34  Zergling x2  
  35  4:36  Baneling x2  
  36  4:47  Zergling x2  
  36  4:48  Zergling x4  
  34  4:58  Baneling  
  33  5:11  Baneling x2  
  31  5:18  Baneling x2, Zergling x2  
  31  5:19  Zergling x10  
  30  5:38  Zergling x4  
  30  5:41  Drone x2  
  32  5:53  Zergling x12  
  38  6:03  Zergling x2  
  36  6:26  Zergling x18  
Show
View Real Time Build Order
Export as new Build Order

Ehomer Zerg 

Build Orders: Pool First, Zergling Baneling 

Get SALT Encoding   

  12  0:01  Drone  
  13  0:13  Overlord  
  13  0:18  Drone  
  14  0:32  Drone x2  
  16  0:45  Spawning Pool, Drone  
  16  0:53  Drone  
  17  1:08  Drone  
  18  1:16  Extractor  
  17  1:33  Hatchery  
  17  1:34  Drone x3  
  19  1:49  Queen  
  21  2:01  Overlord  
  21  2:04  Zergling x2  
  22  2:19  Metabolic Boost  
  23  2:22  Zergling x2  
  23  2:23  Zergling x2  
  23  2:28  Queen  
  26  2:38  Zergling x2  
  26  2:40  Zergling x2  
  28  2:46  Baneling Nest  
  27  2:55  Zergling x4  
  28  3:09  Zergling x8  
  28  3:10  Zergling x2  
  33  3:24  Overlord  
  33  3:25  Zergling x4  
  35  3:42  Baneling x4  
  35  3:47  Drone x4  
  35  3:48  Zergling x6  
  41  3:49  Zergling x4  
  39  4:15  Zergling x12  
  42  4:25  Roach Warren  
  36  4:34  Zergling x10  
  37  4:47  Zergling x2  
  37  4:48  Zergling x2  
  37  4:53  Drone x2  
  37  4:58  Baneling x7  
  33  5:10  Roach x3  
  31  5:23  Roach x2  
  31  5:24  Spine Crawler  
  33  5:34  Zergling x6  
  35  5:47  Zergling x4  
  35  6:03  Zergling x4  
  34  6:13  Queen  
  34  6:14  Zergling x4  
  38  6:29  Zergling x8  
  38  6:31  Baneling x2  
  41  6:39  Zergling x2  
  40  6:40  Zergling x2  
  40  6:44  Ravager  
Tags
 
Add a new tag
Caveats
  • Supply blocks, unpowered buildings, or Contaminate may cause inaccurate times.
  • Supply counts are checked every 10 seconds.